| TOP OF THE 1ST |
|
Rocky Mount Leafs batting - Pitching for Burlington Senators : RHP John Lackey
|
|
Pitching: RHP John Lackey
|
|
|
Batting: LHB Oscar Ramirez
|
0-0: Foul Ball, location: 2F 0-1: Ball 1-1: Ball 2-1: Ball 3-1: Base on Balls
|
|
Batting: RHB Alex Sanchez
|
0-0: Called Strike 0-1: Called Strike 0-2: SINGLE (Line Drive, 78M, EV 111.9 MPH) Oscar Ramirez to second
|
|
Batting: RHB Joseph Scherger
|
0-0: Foul Ball, location: 2F 0-1: Ball 1-1: 3-RUN HOME RUN (Line Drive, 78XD, EV 102.5 MPH), Distance : 448 ft
|
|
Batting: LHB Larry Ray
|
0-0: Ball 1-0: Swinging Strike 1-1: Fly out, F6 (Popup, 6, EV 66.3 MPH)
|
|
Batting: RHB Glen Bockhorn
|
0-0: Called Strike 0-1: Ball 1-1: Foul Ball, location: 2F 1-2: Ball 2-2: Ball 3-2: Foul Ball, location: 2F 3-2: Fly out, F8 (Flyball, 78D, EV 101.3 MPH)
|
|
Batting: RHB Ricardo Villasenor
|
0-0: Called Strike 0-1: Ball 1-1: Ball 2-1: Ball 3-1: Base on Balls
|
|
Batting: RHB Sergio Loya
|
0-0: Called Strike 0-1: Ground out U3 (Groundball, 3L, EV 104.4 MPH)
|
| Top of the 1st over - 3 runs, 2 hits, 0 errors, 1 left on base; Rocky Mount 3 - Burlington 0 |
| BOTTOM OF THE 1ST |
|
Burlington Senators batting - Pitching for Rocky Mount Leafs : RHP Luis Machado
|
|
Pitching: RHP Luis Machado
|
|
|
Batting: LHB Daniel Spain
|
0-0: Ball 1-0: Ball 2-0: Foul Ball, location: 2F 2-1: Foul Ball, location: 2F 2-2: Ball 3-2: Foul Ball, location: 2F 3-2: Base on Balls
|
|
Batting: RHB Ronnie Mears
|
0-0: Called Strike 0-1: Ball 1-1: Swinging Strike 1-2: Fly out, F9 (Flyball, 89M, EV 76.9 MPH)
|
|
Batting: RHB Richard Hertel
|
0-0: Ball 1-0: Foul Ball, location: 2F 1-1: Called Strike 1-2: Ball 2-2: Fielders Choice at 2nd, 4-6 (Groundball, 4M, EV 76.9 MPH)
|
|
Batting: LHB James Beck
|
0-0: Ball 1-0: Swinging Strike 1-1: Swinging Strike 1-2: Ground out 4-3 (Groundball, 4S, EV 86.9 MPH)
|
| Bottom of the 1st over - 0 runs, 0 hits, 0 errors, 1 left on base; Rocky Mount 3 - Burlington 0 |
| TOP OF THE 2ND |
|
Rocky Mount Leafs batting - Pitching for Burlington Senators : RHP John Lackey
|
|
Batting: RHB Blane McDonald
|
0-0: Ball 1-0: Fly out, F4 (Flyball, 34D, EV 88.8 MPH)
|
|
Batting: RHB Todd Cruz
|
0-0: Called Strike 0-1: Ball 1-1: SINGLE (Line Drive, 4MD, EV 98.1 MPH)
|
|
Batting: LHB Oscar Ramirez
|
0-0: Ball 1-0: Ball Todd Cruz is caught stealing 2nd base 2-6 2-0: Ball 3-0: Called Strike 3-1: Base on Balls
|
|
Batting: RHB Alex Sanchez
|
0-0: Foul Ball, location: 2F 0-1: Called Strike 0-2: Strikes out swinging
|
| Top of the 2nd over - 0 runs, 1 hit, 0 errors, 1 left on base; Rocky Mount 3 - Burlington 0 |
| BOTTOM OF THE 2ND |
|
Burlington Senators batting - Pitching for Rocky Mount Leafs : RHP Luis Machado
|
|
Batting: RHB Joseph Lorenz
|
0-0: DOUBLE (Flyball, 8LXD, EV 95.0 MPH)
|
|
Batting: RHB Glenn Millhauser
|
0-0: Called Strike 0-1: Foul Ball, location: 2F 0-2: Foul Ball, location: 2F 0-2: Strikes out swinging
|
|
Batting: LHB Jesus Sandoval
|
0-0: Foul Ball, location: 2F 0-1: Ball 1-1: SINGLE (Line Drive, 89S, EV 114.4 MPH) Joseph Lorenz to third Runner from 3rd tries for Home, SAFE, throw by RF to home Jesus Sandoval to second
|
|
Batting: RHB James English
|
0-0: Ball 1-0: Foul Ball, location: 2F 1-1: Foul Ball, location: 2F 1-2: Ball 2-2: Foul Ball, location: 2F 2-2: Ball 3-2: Ground out 5-3 (Groundball, 56, EV 91.3 MPH)
|
|
Batting: RHB Brad Bauman
|
0-0: Ball 1-0: Ball 2-0: Foul Ball, location: 2F 2-1: Ball 3-1: Foul Ball, location: 2F 3-2: Foul Ball, location: 2F 3-2: Foul Ball, location: 2F 3-2: Base on Balls
|
|
Batting: LHB Daniel Spain
|
0-0: Ball 1-0: Ball 2-0: Ball 3-0: Swinging Strike 3-1: Base on Balls Jesus Sandoval to third Brad Bauman to second
|
|
Batting: RHB Ronnie Mears
|
0-0: Called Strike 0-1: Swinging Strike 0-2: Ball 1-2: Foul Ball, location: 2F 1-2: Ball 2-2: Foul Ball, location: 2F 2-2: Strikes out swinging
|
| Bottom of the 2nd over - 1 run, 2 hits, 0 errors, 3 left on base; Rocky Mount 3 - Burlington 1 |
| TOP OF THE 3RD |
|
Rocky Mount Leafs batting - Pitching for Burlington Senators : RHP John Lackey
|
|
Batting: RHB Joseph Scherger
|
0-0: Ball 1-0: Ball 2-0: Called Strike 2-1: Ball 3-1: Base on Balls
|
|
Batting: LHB Larry Ray
|
0-0: Ball 1-0: Ball 2-0: Ball 3-0: Called Strike Balk! Joseph Scherger to second 3-1: DOUBLE (Flyball, 8RXD, EV 96.9 MPH) Joseph Scherger scores
|
|
Batting: RHB Glen Bockhorn
|
0-0: Called Strike 0-1: Ball 1-1: Swinging Strike 1-2: Ball 2-2: Foul Ball, location: 2F 2-2: Foul Ball, location: 2F 2-2: Fly out, F3 (Flyball, 3D, EV 84.4 MPH)
|
|
Batting: RHB Ricardo Villasenor
|
0-0: Ground out 5-3 (Groundball, 5S, EV 74.4 MPH) Larry Ray to third
|
|
Batting: RHB Sergio Loya
|
0-0: Ball 1-0: Called Strike 1-1: Swinging Strike 1-2: Ball 2-2: Foul Ball, location: 2F 2-2: Foul Ball, location: 2F 2-2: Ball 3-2: Strikes out swinging
|
| Top of the 3rd over - 1 run, 1 hit, 0 errors, 1 left on base; Rocky Mount 4 - Burlington 1 |
| BOTTOM OF THE 3RD |
|
Burlington Senators batting - Pitching for Rocky Mount Leafs : RHP Luis Machado
|
|
Batting: RHB Richard Hertel
|
0-0: Ball 1-0: Reached on error, E5 (Groundball, 5L, EV 103.1 MPH)
|
|
Batting: LHB James Beck
|
0-0: Ball 1-0: Grounds into double play, 4-6-3 (Groundball, 3, EV 87.5 MPH)
|
|
Batting: RHB Joseph Lorenz
|
0-0: Ball 1-0: Called Strike 1-1: Ball 2-1: Foul Ball, location: 2F 2-2: Foul Ball, location: 2F 2-2: Ball 3-2: SOLO HOME RUN (Flyball, 7D, EV 103.1 MPH), Distance : 380 ft
|
|
Batting: RHB Glenn Millhauser
|
0-0: Called Strike 0-1: Ball 1-1: Ball 2-1: Swinging Strike 2-2: Ball 3-2: Ground out 5-3 (Groundball, 56S, EV 91.3 MPH)
|
| Bottom of the 3rd over - 1 run, 1 hit, 1 error, 0 left on base; Rocky Mount 4 - Burlington 2 |
| TOP OF THE 4TH |
|
Rocky Mount Leafs batting - Pitching for Burlington Senators : RHP John Lackey
|
|
Batting: RHB Blane McDonald
|
0-0: Ball 1-0: Ball 2-0: Fly out, F3 (Flyball, 3D, EV 82.5 MPH)
|
|
Batting: RHB Todd Cruz
|
0-0: Ground out 5-3 (Groundball, 56, EV 91.3 MPH)
|
|
Batting: LHB Oscar Ramirez
|
0-0: Ball 1-0: Fly out, F8 (Flyball, 8RM, EV 74.4 MPH)
|
| Top of the 4th over - 0 runs, 0 hits, 0 errors, 0 left on base; Rocky Mount 4 - Burlington 2 |
| BOTTOM OF THE 4TH |
|
Burlington Senators batting - Pitching for Rocky Mount Leafs : RHP Luis Machado
|
|
Batting: LHB Jesus Sandoval
|
0-0: Called Strike 0-1: Ball 1-1: Foul Ball, location: 2F 1-2: Ball 2-2: Foul Ball, location: 2F 2-2: Fly out, F8 (Flyball, 8LD, EV 104.4 MPH)
|
|
Batting: RHB James English
|
0-0: Called Strike 0-1: Reached on error, E2 (Groundball, 2R, EV 70.6 MPH)
|
|
Batting: RHB Brad Bauman
|
0-0: Foul Ball, location: 2F 0-1: Ball 1-1: Ball 2-1: Swinging Strike 2-2: Ball 3-2: Foul Ball, location: 2F 3-2: Foul Ball, location: 2F 3-2: Base on Balls
|
|
Batting: LHB Daniel Spain
|
0-0: Called Strike 0-1: Ball 1-1: Foul Ball, location: 2F 1-2: Strikes out swinging
|
|
Batting: RHB Ronnie Mears
|
0-0: Ball 1-0: Ball 2-0: Fly out, F3 (Popup, 34, EV 60.6 MPH)
|
| Bottom of the 4th over - 0 runs, 0 hits, 1 error, 2 left on base; Rocky Mount 4 - Burlington 2 |
| TOP OF THE 5TH |
|
Rocky Mount Leafs batting - Pitching for Burlington Senators : RHP John Lackey
|
|
Batting: RHB Alex Sanchez
|
0-0: Fly out, F7 (Flyball, 7, EV 82.5 MPH)
|
|
Batting: RHB Joseph Scherger
|
0-0: Called Strike 0-1: Foul Ball, location: 2F 0-2: Ball 1-2: Strikes out swinging passed ball, reaches first!
|
|
Batting: LHB Larry Ray
|
0-0: Ball 1-0: Called Strike 1-1: 2-RUN HOME RUN (Flyball, 7D, EV 111.3 MPH), Distance : 355 ft
|
|
Pitching: RHP John Minarcin
|
|
|
Batting: RHB Glen Bockhorn
|
0-0: Ball 1-0: Ball 2-0: Foul Ball, location: 2F 2-1: Fly out, F2 (Popup, 25F, EV 81.3 MPH)
|
|
Batting: RHB Ricardo Villasenor
|
0-0: Ball 1-0: Fly out, F9 (Flyball, 9D, EV 89.4 MPH)
|
| Top of the 5th over - 2 runs, 1 hit, 0 errors, 0 left on base; Rocky Mount 6 - Burlington 2 |
| BOTTOM OF THE 5TH |
|
Burlington Senators batting - Pitching for Rocky Mount Leafs : RHP Luis Machado
|
|
Batting: RHB Richard Hertel
|
0-0: Called Strike 0-1: Hit by Pitch
|
|
Batting: LHB James Beck
|
0-0: Called Strike 0-1: Foul Ball, location: 2F 0-2: Fielders Choice at 2nd, 4-6 (Groundball, 4, EV 76.3 MPH)
|
|
Batting: RHB Joseph Lorenz
|
0-0: Called Strike James Beck steals 2nd base 0-1: Ball James Beck steals 3rd, throwing error, E2 James Beck scores 1-1: Swinging Strike 1-2: Ball 2-2: Ground out U3 (Groundball, 3, EV 93.1 MPH)
|
|
Batting: RHB Glenn Millhauser
|
0-0: Foul Ball, location: 2F 0-1: Ball 1-1: Foul Ball, location: 2F 1-2: Ground out 5-3 (Groundball, 56, EV 80.6 MPH)
|
| Bottom of the 5th over - 1 run, 0 hits, 1 error, 0 left on base; Rocky Mount 6 - Burlington 3 |
| TOP OF THE 6TH |
|
Rocky Mount Leafs batting - Pitching for Burlington Senators : RHP John Minarcin
|
|
Batting: RHB Sergio Loya
|
0-0: Ball 1-0: Called Strike 1-1: Ball 2-1: Ball 3-1: Base on Balls
|
|
Batting: RHB Blane McDonald
|
0-0: Ball 1-0: Called Strike 1-1: Swinging Strike 1-2: 2-RUN HOME RUN (Flyball, 8LXD, EV 98.1 MPH), Distance : 420 ft
|
|
Batting: RHB Todd Cruz
|
0-0: Ball 1-0: Foul Ball, location: 2F 1-1: Foul Ball, location: 2F 1-2: Ball 2-2: Foul Ball, location: 2F 2-2: DOUBLE (Flyball, 78XD, EV 106.9 MPH)
|
|
Batting: LHB Oscar Ramirez
|
0-0: Foul Ball, location: 2F 0-1: Fly out, F8 (Flyball, 8RS, EV 87.5 MPH)
|
|
Batting: RHB Alex Sanchez
|
0-0: Ball 1-0: Ball 2-0: Fly out, F5 (Flyball, 5D, EV 98.1 MPH)
|
|
Batting: RHB Joseph Scherger
|
0-0: Called Strike 0-1: Ball 1-1: Ball 2-1: Ball 3-1: Fly out, F8 (Flyball, 8RXD, EV 101.9 MPH)
|
| Top of the 6th over - 2 runs, 2 hits, 0 errors, 1 left on base; Rocky Mount 8 - Burlington 3 |
| BOTTOM OF THE 6TH |
|
Burlington Senators batting - Pitching for Rocky Mount Leafs : RHP Luis Machado
|
|
Batting: LHB Jesus Sandoval
|
0-0: Ball 1-0: Fly out, F9 (Flyball, 9LS, EV 85.6 MPH)
|
|
Batting: RHB James English
|
0-0: Reached on error, E5 (Groundball, 56, EV 107.5 MPH)
|
|
Batting: RHB Brad Bauman
|
0-0: Called Strike 0-1: SINGLE (Groundball, 56D, EV 98.8 MPH) James English to second
|
|
Batting: LHB Daniel Spain
|
0-0: Called Strike 0-1: Ball 1-1: Called Strike 1-2: Ball 2-2: Foul Ball, location: 2F 2-2: SINGLE (Groundball, 6M, EV 104.4 MPH) (infield hit) James English to third Brad Bauman to second
|
|
Batting: RHB Ronnie Mears
|
0-0: Ball 1-0: Ball 2-0: Foul Ball, location: 2F 2-1: Foul Ball, location: 2F 2-2: Strikes out swinging
|
|
Batting: RHB Richard Hertel
|
0-0: Ball 1-0: Called Strike 1-1: Ground out 5-3 (Groundball, 56S, EV 88.1 MPH)
|
| Bottom of the 6th over - 0 runs, 2 hits, 1 error, 3 left on base; Rocky Mount 8 - Burlington 3 |
| TOP OF THE 7TH |
|
Rocky Mount Leafs batting - Pitching for Burlington Senators : RHP John Minarcin
|
|
Batting: LHB Larry Ray
|
0-0: Ball 1-0: Foul Ball, location: 2F 1-1: Swinging Strike 1-2: Foul Ball, location: 2F 1-2: Foul Ball, location: 2F 1-2: Strikes out swinging
|
|
Batting: RHB Glen Bockhorn
|
0-0: Called Strike 0-1: Called Strike 0-2: SINGLE (Flyball, 89M, EV 91.9 MPH)
|
|
Batting: RHB Ricardo Villasenor
|
0-0: Swinging Strike Glen Bockhorn steals 2nd, throwing error, E2 Glen Bockhorn to third 0-1: Ball 1-1: Ball 2-1: Swinging Strike 2-2: Ground out 6-3 (Groundball, 6, EV 100.6 MPH) Glen Bockhorn scores
|
|
Batting: RHB Sergio Loya
|
0-0: Swinging Strike 0-1: Ball 1-1: Swinging Strike 1-2: Ball 2-2: Strikes out looking
|
| Top of the 7th over - 1 run, 1 hit, 1 error, 0 left on base; Rocky Mount 9 - Burlington 3 |
| BOTTOM OF THE 7TH |
|
Burlington Senators batting - Pitching for Rocky Mount Leafs : RHP Luis Machado
|
|
Batting: LHB James Beck
|
0-0: Ball 1-0: SINGLE (Flyball, 8RS, EV 90.0 MPH)
|
|
Batting: RHB Joseph Lorenz
|
0-0: Ball 1-0: Foul Ball, location: 2F 1-1: Fly out, F9 (Flyball, 9, EV 81.3 MPH)
|
|
Batting: RHB Glenn Millhauser
|
0-0: Ball 1-0: Ball 2-0: Called Strike 2-1: Called Strike 2-2: Ball 3-2: Foul Ball, location: 2F 3-2: Foul Ball, location: 2F 3-2: Strikes out swinging
|
|
Batting: LHB Jesus Sandoval
|
0-0: Ball James Beck is caught stealing 2nd base 2-6
|
| Bottom of the 7th over - 0 runs, 1 hit, 0 errors, 0 left on base; Rocky Mount 9 - Burlington 3 |
| TOP OF THE 8TH |
|
Rocky Mount Leafs batting - Pitching for Burlington Senators : RHP John Minarcin
|
|
Batting: RHB Blane McDonald
|
0-0: Ball 1-0: Swinging Strike 1-1: Called Strike 1-2: Ball 2-2: Foul Ball, location: 2F 2-2: Ball 3-2: Strikes out swinging
|
|
Batting: RHB Todd Cruz
|
0-0: Ground out 6-3 (Groundball, 6M, EV 80.6 MPH)
|
|
Batting: LHB Oscar Ramirez
|
0-0: Called Strike 0-1: Called Strike 0-2: Ball 1-2: Fly out, F9 (Flyball, 9S, EV 88.1 MPH)
|
| Top of the 8th over - 0 runs, 0 hits, 0 errors, 0 left on base; Rocky Mount 9 - Burlington 3 |
| BOTTOM OF THE 8TH |
|
Burlington Senators batting - Pitching for Rocky Mount Leafs : RHP Luis Machado
|
|
Batting: LHB Jesus Sandoval
|
0-0: Ball 1-0: Called Strike 1-1: Foul Ball, location: 2F 1-2: Fly out, F9 (Flyball, 9LM, EV 90.0 MPH)
|
|
Pitching: RHP Robert Foster
|
|
|
Batting: RHB James English
|
0-0: Ball 1-0: Called Strike 1-1: Foul Ball, location: 2F 1-2: Strikes out swinging
|
|
Batting: RHB Brad Bauman
|
0-0: Called Strike 0-1: Ball 1-1: Ball 2-1: Ground out 6-3 (Groundball, 6S, EV 69.4 MPH)
|
| Bottom of the 8th over - 0 runs, 0 hits, 0 errors, 0 left on base; Rocky Mount 9 - Burlington 3 |
| TOP OF THE 9TH |
|
Rocky Mount Leafs batting - Pitching for Burlington Senators : RHP John Minarcin
|
|
Batting: RHB Alex Sanchez
|
0-0: Ball 1-0: Called Strike 1-1: Foul Ball, location: 2F 1-2: Ball 2-2: SINGLE (Line Drive, 8LM, EV 94.4 MPH)
|
|
Pitching: RHP Robert Murphy
|
|
|
Batting: RHB Joseph Scherger
|
0-0: Foul Ball, location: 2F 0-1: Ball 1-1: Fly out, F9 (Flyball, 9D, EV 85.6 MPH)
|
|
Batting: LHB Larry Ray
|
0-0: Called Strike 0-1: Ball 1-1: Ball 2-1: Ball 3-1: Fly out, F8 (Line Drive, 8LD, EV 98.1 MPH)
|
|
Batting: RHB Glen Bockhorn
|
0-0: Called Strike Alex Sanchez is caught stealing 2nd base 2-4
|
| Top of the 9th over - 0 runs, 1 hit, 0 errors, 0 left on base; Rocky Mount 9 - Burlington 3 |
| BOTTOM OF THE 9TH |
|
Burlington Senators batting - Pitching for Rocky Mount Leafs : RHP Robert Foster
|
|
Batting: LHB Daniel Spain
|
0-0: Ground out 4-3 (Groundball, 4M, EV 98.8 MPH)
|
|
Batting: RHB Ronnie Mears
|
0-0: Called Strike 0-1: Ball 1-1: Swinging Strike 1-2: Strikes out swinging
|
|
Batting: RHB Richard Hertel
|
0-0: Ground out 5-3 (Groundball, 5S, EV 86.3 MPH)
|
| Bottom of the 9th over - 0 runs, 0 hits, 0 errors, 0 left on base; Rocky Mount 9 - Burlington 3 |
|